 Seeded DCSS version 0.28.0-45-g0d030f2227 (webtiles) character file.

Game seed: 13254252311307455508 (custom seed)

66749 croobank the Warrior (level 14, -7/205 HPs)
             Began as a Minotaur Fighter on Apr 19, 2022.
             Was an Initiate of Gozag.
             Mangled by an orc knight
             ... wielding a +0 bardiche
              (26 damage)
             ... on level 1 of the Orcish Mines.
             The game lasted 01:12:18 (19369 turns).

croobank the Warrior (Minotaur Fighter)            Turns: 19369, Time: 01:12:18

Health: -7/205     AC: 22    Str: 25    XL:     14   Next: 80%
Magic:  13/13      EV:  6    Int:  5    God:    Gozag
Gold:   4414       SH:  8    Dex: 11    Spells: 13/13 levels left

rFire   + + .      SeeInvis .   a - +11 eveningstar of Voynec {flame, rC+ rN+}
rCold   + + .      Faith    .   c - +0 buckler
rNeg    + . .      Spirit   .   P - +0 gold dragon scales
rPois   +          Reflect  .   (helmet restricted)
rElec   .          Harm     .   (no cloak)
rCorr   .          Rampage  .   j - +0 pair of gloves
Will    +....                   (no boots)
Stlth   ..........              O - amulet of regeneration
HPRegen 1.24/turn               K - ring of protection from fire
MPRegen 0.13/turn               w - +4 ring of slaying

@: berserking, gold aura, very quick
A: horns 2, retaliatory headbutt
a: Renounce Religion, Potion Petition, Call Merchant, Bribe Branch


You were on level 1 of the Orcish Mines.
You worshipped Gozag.
Gozag was most pleased with you.
You visited 4 branches of the dungeon, and saw 19 of its levels.
You also visited: Volcano.

You collected 6643 gold pieces.
You spent 2207 gold pieces at shops.
You paid 22 gold pieces to Gozag.

Inventory:

Hand Weapons
 a - the +11 eveningstar of Voynec (weapon) {flame, rC+ rN+}
   (You found it on level 2 of the Dungeon)

   It burns those it strikes, dealing additional fire damage.
   rC:        It protects you from cold.
   rN:        It protects you from negative energy.
 n - a +1 flail of holy wrath
 p - the +8 morningstar "Giant's Curse" {vorpal, Will+}
   (You found it on level 2 of the Dungeon)

   It inflicts extra damage upon your enemies.
   Will:      It increases your willpower.
 A - a +1 triple sword of flaming
 C - a +0 broad axe of flaming
 J - a +3 bardiche
 Q - a +0 battleaxe
 Y - a +2 fustibalus of flaming
Missiles
 h - 14 poisoned darts
 o - 141 bolts
 t - 517 arrows
 E - 11 atropa-tipped darts (quivered)
Armour
 c - a +0 buckler (worn)
 j - a +0 pair of gloves (worn)
 P - +0 gold dragon scales (worn)
 W - a +4 plate armour
 Z - a +1 chain mail of fire resistance
Jewellery
 b - a ring of flight
 d - the ring of the Peasants {Contam +Blink rElec rPois rN++}
   (You took it off an orc knight on level 10 of the Dungeon)

   [ring of poison resistance]

   rElec:     It insulates you from electricity.
   rPois:     It protects you from poison.
   rN:        It greatly protects you from negative energy.
   +Blink:    It lets you blink.
   Contam:    It causes magical contamination when unequipped.
 q - the ring "Kiuhan" {Wiz Dex+2}
   (You found it on level 3 of the Lair of Beasts)

   [ring of wizardry]

   It improves your spell success rate.
   Dex:       It affects your dexterity (+2).
 w - a +4 ring of slaying (right hand)
 F - the ring "Ruegirr" {rC- MP+9 Str+4 Int+9 SInv}
   (You found it on level 10 of the Dungeon)

   [ring of see invisible]

   Str:       It affects your strength (+4).
   Int:       It affects your intelligence (+9).
   rC:        It makes you vulnerable to cold.
   MP:        It affects your magic capacity (+9).
   SInv:      It lets you see invisible.
 K - a ring of protection from fire (left hand)
 O - an amulet of regeneration (around neck)
 S - a ring of protection from cold
 T - the ring "Kaegh" {rPois rCorr Int-5 Dex+6}
   (You bought it in a shop on level 8 of the Dungeon)

   [ring of dexterity]

   Int:       It affects your intelligence (-5).
   Dex:       It affects your dexterity (+6).
   rPois:     It protects you from poison.
   rCorr:     It protects you from acid and corrosion.
 X - a ring of resist corrosion
Wands
 u - a wand of polymorph (6)
 y - a wand of flame (15)
 z - a wand of digging (3)
 D - a wand of iceblast (26)
 N - a wand of charming (10)
Scrolls
 f - 5 scrolls of identify {identify}
 g - 2 scrolls of holy word {holy word, unknown}
 i - a scroll of silence
 k - 4 scrolls of torment {torment, unknown}
 l - 2 scrolls of summoning {summoning, unknown}
 s - a scroll of fog {fog, unknown}
 v - 2 scrolls of enchant weapon {enchant weapon, unknown}
 x - 4 scrolls of teleportation {teleport}
 B - a scroll of enchant armour {enchant armore, unknown}
 G - 2 scrolls of magic mapping
 V - a scroll of blinking
Potions
 e - 5 potions of curing
 m - 2 potions of ambrosia {ambrosia, unknown}
 r - 6 potions of mutation {mutation, unknown}
 I - 2 potions of lignification {lignification, unknown}
 M - a potion of cancellation
Miscellaneous
 L - a box of beasts
 R - a lightning rod (4/4)


   Skills:
 + Level 16.2 Fighting
 + Level 16.0 Maces & Flails
 + Level 16.2 Armour
 + Level 16.1 Shields


You had 13 spell levels left.
You didn't know any spells.
Your spell library contained the following spells:

 Spells                   Type           Power      Damage    Failure   Level
 Beastly Appendage        Tmut           0%         N/A       100%        1
 Magic Dart               Conj           0%         1d3       100%        1
 Pain                     Necr           0%         1d4       100%        1
 Corpse Rot               Necr/Air       0%         N/A       100%        2
 Scorch                   Fire           0%         2d5       100%        2
 Searing Ray              Conj           0%         2d4       100%        2
 Wereblood                Tmut           0%         N/A       100%        2
 Conjure Flame            Conj/Fire      0%         6-21      100%        3
 Ignite Poison            Fire/Tmut/Pois 0%         N/A       100%        3
 Spider Form              Tmut/Pois      0%         N/A       100%        3
 Dispel Undead            Necr           0%         3d6       100%        4
 Flame Wave               Conj/Fire      0%         2d4       100%        4
 Fulminant Prism          Conj/Hex       0%         3d6       100%        4
 Passage of Golubria      Tloc           0%         N/A       100%        4
 Petrify                  Tmut/Erth      0%         N/A       100%        4
 Sticky Flame             Conj/Fire      0%         2d3       100%        4
 Summon Ice Beast         Ice/Summ       0%         N/A       100%        4
 Agony                    Necr           0%         N/A       100%        5
 Excruciating Wounds      Necr           0%         N/A       100%        5
 Freezing Cloud           Conj/Ice/Air   0%         6-21      100%        5
 Metabolic Englaciation   Hex/Ice        0%         N/A       100%        5
 Silence                  Hex/Air        0%         N/A       100%        5
 Summon Forest            Summ/Tloc      0%         N/A       100%        5
 Summon Mana Viper        Hex/Summ       0%         N/A       100%        5
 Conjure Ball Lightning   Conj/Air       0%         3x3d6     100%        6
 Death Channel            Necr           0%         N/A       100%        6
 Simulacrum               Ice/Necr       0%         N/A       100%        6
 Statue Form              Tmut/Erth      0%         N/A       100%        6
 Summon Cactus Giant      Summ           0%         N/A       100%        6
 Monstrous Menagerie      Summ           0%         N/A       100%        7
 Lehudib's Crystal Spear  Conj/Erth      0%         10d2      100%        8
 Death's Door             Necr           0%         N/A       100%        9
 Polar Vortex             Ice            0%         N/A       100%        9


Dungeon Overview and Level Annotations

Branches:
Dungeon (10/15)            Temple (1/1) D:4            Lair (6/6) D:9
 Shoals (0/4) Lair:3       Spider (0/4) Lair:4        Slime (0/5) Lair:5
    Orc (2/2) D:9             Elf (0/3) Orc:2       Volcano (visited)

Altars:
Ashenzari
Cheibriados
Dithmenos
Elyvilon
Fedhas
Gozag
Hepliaklqana
Kikubaaqudgha
Makhleb
Nemelex Xobeh
Okawaru
Qazlal
Ru
Sif Muna
Trog
Uskayaw
Vehumet
Wu Jian
Xom
Yredelemnul
Zin
The Shining One

Shops:
D:4 (   D:8 =


Innate Abilities, Weirdness & Mutations

You have a pair of horns on your head.
You reflexively headbutt those who attack you in melee.


Message History

You impale the warg!! You burn the warg.
The warg is almost dead.
The warg bites you!
The orc knight hits you from afar with a +0 bardiche!!
You bludgeon the warg!! You burn the warg.
You kill the warg!
You block the orc knight's attack.
A red film seems to cover your vision as you go berserk!
You feel yourself moving faster!
You feel mighty!
The orc knight no longer looks unusually strong. x2
The orc knight roars a battlecry!
The orc knight goes into a battle-frenzy!
The orc knight barely misses you.
You barely miss the orc knight. You sock the orc knight!
You burn the orc knight. You headbutt the orc knight.
The orc knight is moderately wounded.
The orc knight hits you with a +2 battleaxe!
You puncture the orc knight! You burn the orc knight.
You headbutt the orc knight.
The orc knight is severely wounded.
The orc knight hits you from afar with a +0 bardiche!!
* * * LOW HITPOINT WARNING * * *
You bludgeon the orc knight!! You burn the orc knight.
You kill the orc knight!
Your Maces & Flails skill increases to level 16!
The orc knight hits you with a +0 bardiche!!
* * * LOW HITPOINT WARNING * * *
Things that are here:
45 gold pieces; a +2 battleaxe; a +0 plate armour You bludgeon the orc knight!!
You burn the orc knight!
The orc knight is severely wounded.
The orc knight barely misses you.
You hit the orc knight. You burn the orc knight.
Your headbutt misses the orc knight.
The orc knight is severely wounded.
You barely miss the orc knight.
The orc knight is severely wounded.
The orc knight hits you with a +0 bardiche!!
You die...
Your body crumbles into a pile of gold.

.........)[.#.............#......
.#........[###...........###.....
####.....)###.............#......
##.....[....>..................
#........(...[................#
##...............#.............
####............#.............
##........o.####.........#.
##........@## #...........
##.........#.#####..........
##.#..........##.##..........
##................#...........
###.............................
##...........##..........##......
#...........##...........###.....
#..........##............# #.....
#...........##...........###.....


You could see an orc knight (strong).

Vanquished Creatures
  2 fire dragons
  A boulder beetle (Lair:5)
  3 hydras
  4 centaur warriors
  7 two-headed ogres
  6 death yaks
  Urug (Lair:3)
  A swamp dragon (D:10)
  Pikel (D:5)
  2 lindwurms
  5 orc knights
  An orc sorcerer (Orc:1)
  A deep elf pyromancer (D:10)
  A cyclops (D:10)
  An ugly thing (D:10)
  3 salamanders (Volcano)
  2 oklob plants (Lair:4)
  4 elephants (Lair:6)
  6 black mambas
  A gargoyle (D:10)
  11 cane toads
  An efreet (D:10)
  9 komodo dragons
  A kobold demonologist (D:10)
  8 rime drakes
  A troll (Orc:2)
  7 polar bears
  7 hornets
  9 blink frogs
  10 dream sheep
  2 culicivoras (Lair:4)
  4 jumping spiders (Lair:4)
  13 spriggans (Lair:6)
  A shadow (D:10)
  7 wyverns
  A wraith (D:10)
  14 fire bats (Volcano)
  6 basilisks
  34 yaks
  Grum (D:8)
  12 steam dragons
  5 wargs
  20 water moccasins
  17 orc warriors
  An ice beast (D:6)
  A hornet zombie (D:7)
  2 sky beasts
  5 black bears
  5 ogres
  3 boggarts (Lair:6)
  8 centaurs
  37 wolves
  A lemure (D:5)
  4 kobold brigands
  11 bullfrogs
  A gnoll sergeant (D:8)
  4 scorpions
  A water moccasin skeleton (D:5)
  3 killer bees (D:7)
  7 wights
  7 electric eels
  2 vampire bats (D:10)
  A howler monkey (D:8)
  3 bullfrog zombies
  6 centaur zombies
  2 hounds
  3 gnoll shamans
  14 jellies
  11 orc priests
  Jessica (D:3)
  A centaur skeleton (D:7)
  18 orc wizards
  3 iguanas
  Ijyb (D:4)
  A killer bee zombie (D:6)
  4 howler monkey zombies
  16 gnolls
  A howler monkey skeleton (D:4)
  7 adders
  2 shadow imps (D:6)
  A white imp (D:5)
  An ufetubus (D:5)
  A worm (D:2)
  3 dart slugs
  68 orcs
  11 bats
  14 endoplasms
  2 giant cockroaches
  8 hobgoblins
  7 jackals
  3 quokkas
  6 ball pythons
  2 frilled lizards
  7 goblins
  16 kobolds
  5 rats
607 creatures vanquished.

Vanquished Creatures (others)
  A steam dragon (Lair:3)
  A centaur zombie (D:10)
  15 fungi
  113 plants
130 creatures vanquished.

Grand Total: 737 creatures vanquished

Notes
Turn   | Place    | Note
-------+----------+-------------------------------------------
     0 | D:1      | croobank the Minotaur Fighter began the quest for the Orb.
     0 | D:1      | Reached XP level 1. HP: 19/19 MP: 0/0
   217 | D:1      | Reached XP level 2. HP: 27/27 MP: 1/1
   630 | D:1      | Reached XP level 3. HP: 33/33 MP: 2/2
  1306 | D:2      | Identified the +11 eveningstar of Voynec {flame, rC+ rN+}
  1356 | D:2      | Reached XP level 4. HP: 41/41 MP: 3/3
  1491 | D:2      | Identified the +8 morningstar "Giant's Curse" {vorpal,
                  | Will+}
  1680 | D:3      | Noticed Jessica
  1689 | D:3      | Killed Jessica
  1976 | D:3      | Reached XP level 5. HP: 44/47 MP: 4/4
  2131 | D:3      | Found a faded altar of an unknown god.
  2315 | D:4      | Noticed Ijyb
  2320 | D:4      | Killed Ijyb
  2361 | D:4      | Reached skill level 5 in Fighting
  2361 | D:4      | Reached skill level 5 in Armour
  2361 | D:4      | Reached skill level 5 in Shields
  2575 | D:4      | Reached XP level 6. HP: 56/56 MP: 5/5
  2591 | D:4      | Found Senwall's Antique Weapon Emporium.
  2852 | D:4      | Found a staircase to the Ecumenical Temple.
  2882 | Temple   | Entered the Ecumenical Temple
  3018 | Temple   | Became a worshipper of Gozag Ym Sagoz the Greedy
  3339 | D:5      | Entered Level 5 of the Dungeon
  3536 | D:5      | Found an ornate altar of the Wu Jian Council.
  3538 | D:5      | Reached skill level 5 in Maces & Flails
  3538 | D:5      | Reached XP level 7. HP: 62/62 MP: 6/6
  3839 | D:5      | Noticed Pikel
  3854 | D:5      | Killed Pikel
  3855 | D:5      | Reached XP level 8. HP: 17/71 MP: 7/7
  4511 | D:5      | Found an iron altar of Okawaru.
  4516 | D:5      | Found a sparkling altar of Nemelex Xobeh.
  5014 | D:6      | Found a sacrificial altar of Ru.
  5469 | D:6      | Reached XP level 9. HP: 68/81 MP: 8/8
  7268 | D:7      | Reached XP level 10. HP: 91/91 MP: 9/9
  7472 | D:7      | Found an ancient bone altar of Kikubaaqudgha.
  7582 | D:8      | Found Luxuaf's Jewellery Shoppe.
  7612 | D:8      | Bought a ring of protection from fire for 325 gold pieces
  7612 | D:8      | Bought a ring of ice for 325 gold pieces
  7826 | D:8      | Reached skill level 10 in Fighting
  7829 | D:8      | Reached skill level 10 in Armour
  7833 | D:8      | Reached skill level 10 in Shields
  7883 | D:8      | Noticed a two-headed ogre
  7898 | D:8      | Killed a two-headed ogre
  7925 | D:8      | Noticed Grum
  7933 | D:8      | Killed Grum
  7934 | D:8      | Reached skill level 10 in Maces & Flails
  7949 | D:8      | Bought an amulet of regeneration for 390 gold pieces
  8409 | D:9      | Found a staircase to the Lair.
  8418 | D:9      | Found a glowing golden altar of the Shining One.
  8433 | D:9      | Noticed a centaur warrior
  8439 | D:9      | Killed a centaur warrior
  8495 | D:9      | Reached XP level 11. HP: 100/101 MP: 10/10
  8569 | D:9      | Found a staircase to the Orcish Mines.
  8911 | D:9      | Found a shimmering blue altar of Sif Muna.
  9031 | D:9      | Found a stormy altar of Qazlal.
  9168 | Orc:1    | Entered Level 1 of the Orcish Mines
  9257 | Orc:1    | Noticed an orc sorcerer
  9262 | Orc:1    | Killed an orc sorcerer
  9505 | Orc:2    | Entered Level 2 of the Orcish Mines
  9556 | Orc:2    | Found a staircase to the Elven Halls.
  9565 | Orc:2    | Noticed an orc knight
  9594 | Orc:1    | Killed an orc knight
  9789 | Orc:2    | Noticed an orc knight
  9796 | Orc:2    | Killed an orc knight
  9919 | D:8      | Bought a ring of protection from cold for 325 gold pieces
  9919 | D:8      | Bought the ring "Kaegh" {rPois rCorr Int-5 Dex+6} for 842
                  | gold pieces
  9973 | Lair:1   | Entered Level 1 of the Lair of Beasts
 10128 | Lair:1   | Found a radiant altar of Vehumet.
 11004 | Lair:1   | Reached XP level 12. HP: 113/113 MP: 11/11
 11904 | Lair:3   | Noticed a death yak
 11925 | Lair:2   | Killed a death yak
 11968 | Lair:3   | Noticed a six-headed hydra
 11978 | Lair:2   | Killed a six-headed hydra
 12057 | Lair:3   | Found a dark tunnel.
 12065 | Volcano  | Entered a volcano
 12103 | Volcano  | Noticed a two-headed ogre
 12120 | Volcano  | Killed a two-headed ogre
 12438 | Volcano  | Noticed a fire dragon
 12439 | Volcano  | Noticed a two-headed ogre
 12439 | Volcano  | Noticed a two-headed ogre
 12473 | Volcano  | Killed a fire dragon
 12474 | Volcano  | Reached XP level 13. HP: 31/123 MP: 12/12
 13011 | Lair:3   | Found a staircase to the Shoals.
 13011 | Lair:3   | Identified the +0 leather armour of Negligence {SInv
                  | Stlth+}
 13460 | Lair:3   | Noticed Urug
 13467 | Lair:3   | Killed Urug
 13586 | Lair:3   | Identified the ring "Kiuhan" {Wiz Dex+2}
 14423 | Lair:4   | Found a hole to the Spider Nest.
 15317 | Lair:5   | Reached skill level 15 in Fighting
 15410 | Lair:5   | Reached skill level 15 in Armour
 15546 | Lair:5   | Reached skill level 15 in Shields
 15743 | Lair:5   | Found a staircase to the Slime Pits.
 16200 | Lair:6   | Entered Level 6 of the Lair of Beasts
 16220 | Lair:5   | Reached XP level 14. HP: 132/135 MP: 13/13
 16383 | Lair:6   | Reached skill level 15 in Maces & Flails
 17466 | D:10     | Entered Level 10 of the Dungeon
 17516 | D:10     | Found a shimmering altar of Xom.
 17675 | D:10     | Identified the ring of the Peasants {Contam +Blink rElec
                  | rPois rN++}
 18134 | D:10     | Found the +3 giant club "Skullcrusher" {speed, Str+7}
 18136 | D:10     | Identified the ring "Ruegirr" {rC- MP+9 Str+4 Int+9 SInv}
 18137 | D:10     | Got the Guide on Doomed Flight
 19090 | Orc:1    | HP: 1/137 [orc warrior/+0 morningstar (22)]
 19369 | Orc:1    | Mangled by an orc knight

Illustrated notes

Levels and vault maps discovered:
D:1:      ncdulo_lavacross, layout_loops_ring
D:2:      layout_loops_corners
D:3:      layout_loops_cross, chequers_ecumenical_altar_grove, uniq_jessica
D:4:      layout_cave_pools, temple_doors_cd, serial_shops, shop, uniq_ijyb
D:5:      layout_layer_cave, nicolae_wu_jian_wuxing_cycle,
          gammafunk_temple_overflow_statue, grunt_tough_drop, uniq_pikel
D:6:      layout_basic, nicolae_ru_great_annihilating_truth, serial_bayou,
          serial_bayou_crossing, serial_bayou_lagoon_a, serial_bayou_lake_a,
          serial_bayou_lagoon_b, minmay_joined_circles
D:7:      layout_rooms, lemuel_coloured_pillars_altar
D:8:      layout_cave_pools, serial_shops, nicolae_square_shop, uniq_grum
D:9:      layout_roguey, mainiacjoe_overflow_alcove_4, old_standard_altar,
          tso_metal_star, lair_entry_dummy, hiddenorc2_lemuel, serial_bayou,
          serial_bayou_ford_a, serial_bayou_shore_b, serial_bayou_pond_a,
          serial_bayou_pond_d, serial_bayou_pond_d, grunt_decor_junction
D:10:     layout_basic, xom_teletrap_fun, st_stairs_5,
          nicolae_concentric_dashed_squares_mild, nicolae_sextant,
          roderic_batcave, minmay_the_grid_2x2 [minmay_the_grid_mess,
          minmay_the_grid_dragon_a, minmay_the_grid_odd_star,
          minmay_the_grid_prize_shrinking_boxes]
Temple:   nicolae_temple_figure_eight
Lair:1:   layout_loops_ring, basic_altar
Lair:2:   layout_hall_layers, grunt_megastairs_1
Lair:3:   layout_misc_corridors, minmay_shoals_entry_centaurs,
          nicolae_volcano_entry_hallway, bobbens_dragon_lair_wall, uniq_urug
Lair:4:   minmay_lair_oklob_chamber, layout_cave_pods,
          nicolae_spider_entry_tight_spaces, fungi_pond_lemuel
Lair:5:   layout_cave_pods, minmay_slime_entry_jelly_boxes
Lair:6:   minmay_lair_end_enchanted_forest, layout_hall_layers,
          serial_bayou_pond_d
Orc:1:    layout_diamond_mine
Orc:2:    st_orc_town, layout_caves

Skill      XL: |  1  2  3  4  5  6  7  8  9 10 11 12 13 14 |
---------------+-------------------------------------------+-----
Fighting       | 4 5 6 8 9 10 12 13 15 16 | 16.2
Armour         | 4 5 6 8 9 10 12 13 15 16 | 16.2
Shields        | 4 5 6 7 9 10 12 13 15 16 | 16.1
Maces & Flails | 3 4 5 6 7 9 10 12 13 14 16 | 16.0

Action                   |  1- 3 |  4- 6 |  7- 9 | 10-12 | 13-15 || total
-------------------------+-------+-------+-------+-------+-------++-------
Melee: Flail             |    62 |       |       |       |       ||    62
       Headbutt          |    11 |     5 |    22 |    85 |   105 ||   228
       Eveningstar       |     7 |    74 |   164 |   517 |   554 ||  1316
Throw: Dart              |       |       |       |     1 |     1 ||     2
Evoke: Wand              |       |       |     5 |     5 |       ||    10
  Use: Potion            |       |       |     2 |     3 |    10 ||    15
       Scroll            |       |       |       |     2 |     9 ||    11
 Stab: Distracted        |       |       |     1 |     4 |     2 ||     7
Armor: Scale mail        |    16 |    31 |    22 |       |       ||    69
       Plate armour      |       |       |    84 |   231 |   202 ||   517
       Chain mail        |       |       |       |     6 |    16 ||    22
       Gold dragon scale |       |       |       |       |    23 ||    23
Dodge: Dodged            |    32 |    25 |    63 |   169 |   134 ||   423
Block: Buckler           |    25 |     8 |    48 |   162 |   152 ||   395
